Wasanbon, neutral male human Ranger ----- ------------- --- |...| |...........--- |...| ---...-## |.............-######### |...| |^....| #I##@#...{..........| ## |...| |..^..| |.............| ## #....| |.....| ---...........| # ####-.--- ------ ---..-- -----|------- ## # # |<...-# # #### # # # |....|# # # # ---# # ..%.|# # #### ## ....# #### ----# ##### # # |.|.| # # --.---------- # ####....| ---|- # |...........| ### # ##|...|#####....| ####|...........| *-...- #### # --- # |...| #|...........| ...^...############%## |...| #-........... .......######## # * |...| |.......... |.....| # ###########.).>| ---------- |.....+ ----- ------ Wasanbon the Ranger Experience level: 14 Strength: 16 Dexterity: 15 Constitution: 17 Intelligence: 13 Wisdom: 13 Charisma: 7 Health: 0(104) Energy: 75(75) Def: 15 Gold: 6108 Moves: 23996 Dungeon seed [set]: Game ID: Wasanbon_1673444400 Your Inventory: Coins $ - 6108 gold pieces Amulets E - an uncursed amulet of ESP (being worn) Weapons b - an uncursed +3 bow (alternate weapon; not wielded) r - 55 uncursed +0 arrows (in quiver) x - 6 uncursed poisoned +0 arrows F - 10 uncursed poisoned +0 orcish arrows W - a blessed +6 dagger named Dagger of Bloodlust (weapon in hand) Armor d - an uncursed +0 cloak of displacement e - a blessed fireproof +2 cloak of displacement (being worn) i - an uncursed +2 dwarvish mithril-coat (being worn) l - an uncursed +0 pair of iron shoes (being worn) n - an uncursed +0 elven leather helm q - an uncursed +0 dwarvish iron helm (being worn) y - an uncursed +0 orcish cloak z - a blessed +1 pair of leather gloves Q - an uncursed +0 helmet Y - an uncursed +0 pair of high boots Comestibles j - 3 uncursed food rations I - an uncursed tripe ration S - 2 uncursed K-rations Scrolls v - an uncursed scroll of blank paper Potions c - 2 uncursed potions of extra healing Rings m - an uncursed +2 ring of increase damage (on left hand) A - an uncursed ring of invisibility L - an uncursed ring of shock resistance N - an uncursed ring of see invisible (on right hand) T - an uncursed ring of poison resistance Wands g - an uncursed wand of slow monster (0:1) t - an uncursed wand of sleep (0:4) M - an uncursed wand of light (0:11) R - an uncursed wand of digging (0:5) Tools f - an uncursed magic marker (0:52) h - an uncursed iron key k - an uncursed oil lamp (0:368) p - an uncursed sack C - a blessed wax candle (0:400) G - an uncursed mirror H - an uncursed lock pick P - an uncursed blindfold V - an uncursed credit card Gems J - an uncursed luckstone named luck Contents of the sack: 3 [uncursed] scrolls of blank paper 2 [uncursed] scrolls of earth an uncursed scroll of enchant armor an uncursed scroll of remove curse a [blessed] scroll of remove curse a [uncursed] potion of levitation a [uncursed] potion of object detection a [uncursed] potion of sleeping Spells and supernatural/magical abilities: Name Level Category Fail Memory a - detect monsters 1 divination 100% 1% b - knock 1 matter 100% 27% c - cone of cold 4 attack 100% 27% d - remove curse 3 clerical 100% 27% e - jumping 1 escape 100% 28% f - magic missile 2 attack 100% 51% W - pray for help -- divine ? -- Your skills at the end: Miscellaneous Skills wands [Basic] Weapon Skills dagger [Expert] bow [Expert] Spellcasting Skills Final Attributes: You were fervently aligned. You were blinded. You saw invisible. You were telepathic. You had automatic searching. You were displaced. You were somewhat stealthy. You aggravated monsters. You had a +2 damage bonus. You were lucky. You had extra luck. Bad luck did not time out for you. Good luck did not time out for you. You are dead. Vanquished creatures: a purple worm 2 vampire lords 2 nurses a vampire 2 ghosts a lieutenant a giant mimic 2 ogre kings an ice troll a grizzly bear an umber hulk a flesh golem a doppelganger 2 large mimics 3 stalkers a fire elemental a hill giant 4 wargs 4 quantum mechanics 3 glass piercers 2 xans an ettin mummy an ogre lord 2 trolls a brown bear a werebear a large dog a freezing sphere a shocking sphere 3 tigers a gargoyle 4 tengu a gelatinous cube an ochre jelly 2 chameleons a leocrotta an energy vortex an elf mummy 2 red nagas 4 Grey-elves a python a wraith 2 ettin zombies 2 leather golems 3 giant beetles 3 wolves 2 black lights a lynx a panther 3 gremlins 3 leprechauns a quivering blob a spotted jelly 3 lizards an orc-captain a mumak 7 giant spiders 2 horses an ice vortex a vampire bat a forest centaur 3 gnome kings an orc mummy 3 ogres a brown pudding 2 owlbears 4 yetis 2 gold golems a werewolf 3 chickatrices a dingo a housecat 4 dwarf lords 2 blue jellies a water nymph a white unicorn a dust vortex 2 ravens a plains centaur a gnome mummy a Woodland-elf 2 pit vipers an ape 7 human zombies 5 soldier ants a fire ant 3 yellow lights 5 bugbears a baby crocodile a wood nymph a Mordor orc 4 Uruk-hai an orc shaman 4 rock moles a rock piercer 6 fog clouds a shrieker 12 gnome lords 6 gnomish wizards 3 jellyfish 3 kobold mummies 2 gray oozes 6 elf zombies a ghoul 2 paper golems 7 giant ants 3 puppies 3 floating eyes a kitten 22 dwarves 4 homunculi 4 quasits 3 kobold lords a kobold shaman 2 iguanas 8 rothes 2 rabid rats a centipede 2 jitterbugs 2 giant bats a monkey 3 orc zombies 2 dwarf zombies a wererat a werejackal 8 killer bees 5 coyotes 2 gas spores 6 hobbits an acid blob 4 large kobolds a gecko 2 hobgoblins 2 giant rats 4 cave spiders 2 brown molds a yellow mold 2 green molds 2 red molds 53 gnomes a garter snake 8 manes a gnome zombie 14 jackals 2 kobolds 7 newts a goblin 6 sewer rats 6 grid bugs 2 bats 5 lichens 2 kobold zombies 446 creatures vanquished. Voluntary challenges: You did not cause conflict. You were not invisible. You did not have reflection. You did not donate to any temples.. You used a wielded weapon 506 times, starting on turn 143. You did not apply a unicorn horn. You did not use plumbed fixtures. You read items or engraved 50 times, starting on turn 1450. You never genocided any monsters. You never polymorphed an object. You never changed form. You used no wishes. You did not use any artifacts. You never split a pudding. You wrote Elbereth's name 1 time, starting on turn 13767. You violated your moral code, losing 5 points of alignment, starting on turn 1229. Dungeon overview: The Dungeons of Doom: levels 1 to 22 Level 1 an altar to Mercury a long staircase Level 2 an altar to Venus, some fountains stairs to The Gnomish Mines Level 3 a hardware shop Level 4 a fountain Level 5 a vault Level 6 a potion shop, a fountain Level 7 many fountains Level 8 some fountains, a sink stairs to Sokoban Level 9 a fountain Level 10 some fountains Level 11 a general store Level 12 a general store, a fountain Level 13 a vault Level 14 a fountain Level 15 a general store, a bench Level 16 a fountain, a bench Level 17 Level 18 a general store Level 19 some fountains, a throne Level 20 a vault, a throne Level 21 <- You were here a fountain Level 22 The Gnomish Mines: levels 3 to 10 Level 3 stairs to The Dungeons of Doom Level 4 Level 5 Level 6 some shops, a temple to Mercury, a magic chest, some trees Level 7 Level 8 Level 9 Level 10 a magic chest, some fountains Sokoban: levels 6 to 7 Level 6 Level 7 a magic chest stairs to The Dungeons of Doom History has recorded: On T:1 you entered the Dungeons of Doom to retrieve the Amulet of Yendor! On T:261 you reached level 2 of The Dungeons of Doom. On T:343 you reached level 1 of The Gnomish Mines. On T:356 you advanced to experience level 2. On T:380 you advanced to experience level 3. On T:396 you advanced to experience level 4. On T:663 you reached level 2 of The Gnomish Mines. On T:719 you advanced to experience level 5. On T:1018 you reached level 3 of The Gnomish Mines. On T:1086 you advanced to experience level 6. On T:1267 you reached level 4 of The Gnomish Mines. On T:1302 you entered the Minetown temple On T:1306 you opened a magic chest. On T:1776 you advanced to experience level 7. On T:2587 you reached level 3 of The Dungeons of Doom. On T:3240 you reached level 4 of The Dungeons of Doom. On T:3622 you reached level 5 of The Dungeons of Doom. On T:4087 you reached level 6 of The Dungeons of Doom. On T:4412 you advanced to experience level 8. On T:4419 you advanced to experience level 9. On T:4482 you reached level 7 of The Dungeons of Doom. On T:6044 you reached level 5 of The Gnomish Mines. On T:6435 you reached level 6 of The Gnomish Mines. On T:6769 you reached level 7 of The Gnomish Mines. On T:7598 you reached level 8 of The Gnomish Mines. On T:7598 you reached the bottom of the Mines. On T:7905 you advanced to experience level 10. On T:10324 you reached level 8 of The Dungeons of Doom. On T:10447 you reached level 4 of Sokoban. On T:10691 you reached level 9 of The Dungeons of Doom. On T:11186 you reached level 10 of The Dungeons of Doom. On T:11675 you reached level 11 of The Dungeons of Doom. On T:12040 you reached level 12 of The Dungeons of Doom. On T:12535 you reached level 13 of The Dungeons of Doom. On T:13205 you reached level 14 of The Dungeons of Doom. On T:13758 you reached level 15 of The Dungeons of Doom. On T:14579 you reached level 16 of The Dungeons of Doom. On T:17658 you reached level 17 of The Dungeons of Doom. On T:17658 you entered the Rogue tribute level. On T:17736 you advanced to experience level 11. On T:17739 you advanced to experience level 12. On T:17740 you advanced to experience level 13. On T:18095 you reached level 18 of The Dungeons of Doom. On T:18523 you reached level 19 of The Dungeons of Doom. On T:19383 you advanced to experience level 14. On T:20898 you reached level 3 of Sokoban. On T:22644 you reached level 20 of The Dungeons of Doom. On T:23188 you reached level 21 of The Dungeons of Doom. On T:23515 you reached level 22 of The Dungeons of Doom. Score breakdown: Gold: 6108 ( 610 points) Experience: 14 levels ( 1300 points) Exploration: 22 levels ( 630 points) Discoveries: 50 items ( 2000 points) Variety of kills: 152 monsters ( 2000 points) Major goal: reached Mine's End ( 1000 points) Survival: died (score multiplied by 3) Total score: 22620 Latest messages: You cough and spit blood! Something is burning your lungs! You cough and spit blood! Something is burning your lungs! You cough and spit blood! Something is burning your lungs! You cough and spit blood! Something is burning your lungs! You cough and spit blood! c - 2 uncursed potions of extra healing. Something is burning your lungs! You cough and spit blood! Something is burning your lungs! You cough and spit blood! You hear the howling of the CwnAnnwn... Something is burning your lungs! You cough and spit blood! You die... Final status: Goodbye Wasanbon the Ranger, killed by a gas cloud... You died in The Dungeons of Doom on dungeon level 21 with 22620 points, and 6108 pieces of gold, after 23996 moves. You were level 14 with a maximum of 104 hit points when you died.